 Dungeon Crawl Stone Soup version 0.29-a0-25-g7f48f510a0 (webtiles) character file.

Game seed: 1178534533920643435

1753 Nattfarinn the Blocker (level 8, -3/74 HPs)
             Began as a Deep Dwarf Necromancer on Jan 31, 2022.
             Was a Follower of Makhleb.
             Slain by a troll (4 damage)
             ... on level 7 of the Dungeon.
             The game lasted 00:15:33 (8106 turns).

Nattfarinn the Blocker (Deep Dwarf Necromancer)     Turns: 8106, Time: 00:15:34

Health: -3/74      AC:  4    Str: 13    XL:     8   Next: 78%
Magic:  3/14       EV: 11    Int: 17    God:    Makhleb [*.....]
Gold:   280        SH:  6    Dex: 13    Spells: 10/15 levels left

rFire   . . .      SeeInvis .   p - +1 whip (vamp)
rCold   + . .      Faith    .   o - +0 buckler
rNeg    . . .      Spirit   .   c - +0 leather armour
rPois   .          Reflect  .   h - +0 helmet
rElec   .          Harm     .   (no cloak)
rCorr   +          Rampage  .   (no gloves)
Will    +....                   (no boots)
Stlth   ++........              A - amulet of magic regeneration
HPRegen 0.00/turn               t - ring of Kotynian {rC+ rCorr}
MPRegen 0.54/turn               (no ring)

@: no status effects
A: damage resistance, heal wounds, sense surroundings 1, no regeneration
a: Heal Wounds, Renounce Religion


You were on level 7 of the Dungeon.
You worshipped Makhleb.
Makhleb was aware of your devotion.
You visited 2 branches of the dungeon, and saw 8 of its levels.

You collected 280 gold pieces.

Inventory:

Hand Weapons
 d - a +0 spear
 i - a +0 dagger of draining
 m - a +3 whip of flaming
 p - a +1 vampiric whip (weapon)
 y - a +2 hand axe of venom
Armour
 a - a +0 robe
 c - a +0 leather armour (worn)
 h - a +0 helmet (worn)
 o - a +0 buckler (worn)
Jewellery
 t - the ring of Kotynian (left hand) {rC+ rCorr}
   (You found it on level 4 of the Dungeon)

   [ring of resist corrosion]

   rC:        It protects you from cold.
   rCorr:     It protects you from acid and corrosion.
 w - an amulet of guardian spirit
 A - an amulet of magic regeneration (around neck)
Wands
 x - a wand of iceblast (10)
Scrolls
 e - 3 scrolls of identify {unknown}
 f - 3 scrolls of blinking {unknown}
 g - a scroll of fog {unknown}
 j - 2 scrolls of vulnerability {unknown}
 k - 2 scrolls of teleportation {unknown}
 l - 2 scrolls of torment {unknown}
 q - 3 scrolls of immolation {unknown}
 s - a scroll of noise {unknown}
 u - a scroll of fear {unknown}
 v - a scroll of summoning {unknown}
Potions
 b - a potion of lignification
 n - a potion of flight
 r - a potion of curing {unknown}
 z - a potion of degeneration {unknown}
 B - a potion of heal wounds {unknown}


   Skills:
 * Level 5.3 Fighting
 - Level 2.1 Dodging
 - Level 2.4 Stealth
 - Level 8.0 Shields
 - Level 4.4 Spellcasting
 - Level 5.7 Necromancy


You had 10 spell levels left.
You knew the following spells:

 Your Spells              Type           Power      Damage    Failure   Level
a - Pain                  Necr           92%        1d8       2%          1
b - Vampiric Draining     Necr           23%        2d7       7%          3
c - Magic Dart            Conj           12%        1d3       24%         1

Your spell library contained the following spells:

 Spells                   Type           Power      Damage    Failure   Level
 Animate Skeleton         Necr           46%        N/A       2%          1
 Animate Dead             Necr           11%        N/A       22%         4
 Dispel Undead            Necr           23%        3d12      22%         4
 Blink                    Tloc           6%         N/A       36%         2
 Call Imp                 Summ           3%         N/A       36%         2
 Static Discharge         Conj/Air       3%         N/A       36%         2
 Agony                    Necr           23%        N/A       54%         5
 Mephitic Cloud           Conj/Pois/Air  3%         N/A       58%         3
 Sticky Flame             Conj/Fire      3%         2d3       94%         4
 Manifold Assault         Tloc           3%         N/A       100%        5
 Storm Form               Tmut/Air       1%         N/A       100%        7


Dungeon Overview and Level Annotations

Branches:
Dungeon (7/15)             Temple (1/1) D:4

Altars:
Ashenzari
Cheibriados
Dithmenos
Elyvilon
Fedhas
Gozag
Hepliaklqana
Kikubaaqudgha
Makhleb
Nemelex Xobeh
Okawaru
Qazlal
Ru
Sif Muna
Trog
Vehumet
Wu Jian
Xom
Yredelemnul
Zin
The Shining One

Annotations:
D:4 1 runed translucent door, Crazy Yiuf


Innate Abilities, Weirdness & Mutations

You are resistant to damage.
You can heal yourself by infusing magical energy.
You passively map a small area around you.
You do not regenerate.


Message History

Aiming: Vampiric Draining (dangerous; 7% risk of failure)
Press: ? - help, Shift-Dir - straight line, f/p - troll
Aim: a troll (moderately wounded)
You draw life force from the troll!
You feel life coursing into your body. The troll bites you!
* * * LOW HITPOINT WARNING * * *
You block the troll's attack. The troll misses you.
Casting: Vampiric Draining (dangerous; 7% risk of failure)
Confirm with . or Enter, or press ? or * to list all spells.
Aiming: Vampiric Draining (dangerous; 7% risk of failure)
Press: ? - help, Shift-Dir - straight line, f/p - troll
Aim: a troll (heavily wounded)
You draw life force from the troll.
You feel life coursing into your body. The troll bites you!
* * * LOW HITPOINT WARNING * * *
The troll claws you.
* * * LOW HITPOINT WARNING * * *
The troll claws you!
* * * LOW HITPOINT WARNING * * *
Unknown command.
Casting: Vampiric Draining (dangerous; 7% risk of failure)
Confirm with . or Enter, or press ? or * to list all spells.
Aiming: Vampiric Draining (dangerous; 7% risk of failure)
Press: ? - help, Shift-Dir - straight line, f/p - troll
Aim: a troll (severely wounded)
You draw life force from the troll!
You feel life coursing into your body. The troll bites you!
* * * LOW HITPOINT WARNING * * *
The troll misses you. The troll claws you but does no damage.
You hit the troll.
The troll is almost dead.
You block the troll's attack. The troll closely misses you.
You block the troll's attack.
You closely miss the troll.
The troll is almost dead.
You block the troll's attack. The troll barely misses you. The troll claws you.
You hit the troll.
The troll is almost dead.
The troll bites you.
You die...

##############. *
#.....T@.......
#.#############*
#.# #T# *#.# ...
*... .. *
############ ... ,
....###...........
, ,
..........####....


You could see a troll.

Vanquished Creatures
  Grinder (D:6)
  A water moccasin (D:7)
  A black bear (D:7)
  A sky beast (D:6)
  2 centaurs
  2 ogres
  A kobold brigand (D:7)
  A bullfrog (D:6)
  4 scorpions
  A wyvern zombie (D:7)
  A bullfrog zombie (D:5)
  2 hounds (D:5)
  3 jellies
  A gnoll shaman (D:7)
  2 iguanas
  Natasha (thrice) (D:2)
  3 gnolls (D:7)
  4 adders
  A shadow imp (D:6)
  8 worms
  2 dart slugs
  21 orcs
  4 ball pythons
  7 bats
  7 endoplasms
  3 giant cockroaches
  4 hobgoblins
  2 jackals (D:4)
  5 quokkas
  A frilled lizard (D:1)
  4 goblins
  13 kobolds
  A quokka skeleton (D:4)
  3 rats
120 creatures vanquished.

Vanquished Creatures (others)
  A fungus (D:4)
  13 plants (D:3)
14 creatures vanquished.

Grand Total: 134 creatures vanquished

Notes
Turn   | Place    | Note
-------+----------+-------------------------------------------
     0 | D:1      | Nattfarinn the Deep Dwarf Necromancer began the quest for
                  | the Orb.
     0 | D:1      | Reached XP level 1. HP: 15/15 MP: 3/3
   138 | D:1      | Reached XP level 2. HP: 17/22 MP: 3/5
  1001 | D:2      | Noticed Natasha
  1002 | D:2      | Reached XP level 3. HP: 12/28 MP: 1/7
  1162 | D:1      | Learned a level 3 spell: Vampiric Draining
  1530 | D:2      | Found a shimmering blue altar of Sif Muna.
  1880 | D:2      | Found a faded altar of an unknown god.
  2389 | D:2      | Killed Natasha
  2390 | D:2      | Reached skill level 5 in Necromancy
  2390 | D:2      | Reached XP level 4. HP: 33/36 MP: 1/8
  2561 | D:2      | Noticed Natasha
  2565 | D:2      | Killed Natasha
  2683 | D:2      | Noticed Natasha
  2696 | D:2      | Killed Natasha
  2697 | D:2      | Reached XP level 5. HP: 42/42 MP: 3/10
  2756 | D:2      | Learned a level 1 spell: Magic Dart
  3674 | D:4      | Identified the ring of Kotynian {rC+ rCorr}
  3697 | D:4      | Reached skill level 1 in Shields
  3697 | D:4      | Reached XP level 6. HP: 26/49 MP: 1/12
  3923 | D:4      | Reached skill level 2 in Shields
  4133 | D:4      | Found a staircase to the Ecumenical Temple.
  4147 | Temple   | Entered the Ecumenical Temple
  4522 | Temple   | Became a worshipper of Makhleb the Destroyer
  4550 | D:4      | Reached skill level 3 in Shields
  4736 | D:4      | Found a runed translucent door.
  4737 | D:4      | Noticed Crazy Yiuf
  4861 | D:5      | Entered Level 5 of the Dungeon
  4886 | D:5      | Reached skill level 4 in Shields
  4893 | D:5      | Reached XP level 7. HP: 54/55 MP: 1/13
  5194 | D:5      | Reached skill level 5 in Shields
  5546 | D:5      | Reached skill level 6 in Shields
  6171 | D:6      | Noticed Grinder
  6332 | D:6      | Reached skill level 7 in Shields
  6523 | D:6      | Paralysed by Grinder for 3 turns
  6541 | D:6      | Paralysed by Grinder for 3 turns
  6547 | D:6      | Killed Grinder
  6548 | D:6      | Reached skill level 8 in Shields
  6548 | D:6      | Reached XP level 8. HP: 14/62 MP: 8/14
  6684 | D:6      | Reached skill level 1 in Fighting
  7001 | D:6      | Noticed a gargoyle
  7198 | D:7      | Noticed a white ugly thing
  7252 | D:6      | Reached * piety under Makhleb
  7433 | D:7      | Reached skill level 5 in Fighting
  8088 | D:7      | Noticed a troll
  8103 | D:7      | HP: 1/74 [troll (7)]
  8106 | D:7      | Slain by a troll

Illustrated notes

Levels and vault maps discovered:
D:1:      dpeg_arrival_rooms_with_view, layout_loops_ring, corner_web_ring
D:2:      layout_loops_ring, basic_altar,
          dreamdust_ecumenical_altar_hidden_monk_grotto, uniq_natasha
D:3:      layout_basic, serial_forest, infiniplex_forest_straight_1,
          infiniplex_forest_clump_small, infiniplex_forest_clump_C,
          infiniplex_forest_join, infiniplex_forest_fountain,
          infiniplex_forest_corner_1, infiniplex_forest_clump_medium,
          infiniplex_forest_clump_curved, infiniplex_forest_straight_3,
          minmay_misc_feat_roman, st_stairs_6, nicolae_wormholes
D:4:      layout_cave_pools, temple_fountains,
          hangedman_abyss_or_decor_jellyfish_corner, uniq_crazy_yiuf_cottage
D:5:      layout_cave_pods, minmay_misc_feat_enclosed
D:6:      layout_loops_corners, uniq_grinder
D:7:      layout_loops_ring, serial_shops, shop, uniq_pikel, uniq_maggie
Temple:   compressed_dpeg_triangle_lava_temple

Skill      XL: |  1  2  3  4  5  6  7  8 |
---------------+-------------------------+-----
Spellcasting   | 2 3 4 |  4.4
Necromancy     | 5 |  5.7
Shields        | 1 4 8 |  8.0
Fighting       | 5 |  5.3
Dodging        | |  2.1
Stealth        | |  2.4

Action                   |  1- 3 |  4- 6 |  7- 9 || total
-------------------------+-------+-------+-------++-------
Melee: Unarmed           |    19 |       |       ||    19
       Spear             |    16 |       |       ||    16
       Dagger            |     6 |    26 |       ||    32
       Whip              |       |   178 |   126 ||   304
       Punch             |       |     6 |     1 ||     7
 Cast: Pain              |    34 |       |       ||    34
       Vampiric Draining |    17 |    33 |    72 ||   122
       Magic Dart        |       |       |     6 ||     6
Evoke: Wand              |       |       |     3 ||     3
  Use: Potion            |       |       |     3 ||     3
 Stab: Sleeping          |     1 |     2 |       ||     3
       Distracted        |       |     1 |       ||     1
Armor: Leather armour    |    14 |    45 |    32 ||    91
       Skin              |       |       |    10 ||    10
Dodge: Dodged            |    37 |   113 |   100 ||   250
Block: Buckler           |       |       |    38 ||    38

Table legend: (Time is in decaauts)
 A = Elapsed time spent in this place.
 B = Non-inter-level travel time spent in this place.
 C = Inter-level travel time spent in this place.
 D = Time resting spent in this place.
 E = Time spent auto-exploring this place.
 F = Levels seen in this place.
 G = Mean time per level.
                   A        B        C        D        E       F      G
               +--------+--------+--------+--------+--------+-----+--------+
         Total |   8151 |   7384 |    767 |    618 |   5336 |   8 | 1018.9 |
       Dungeon |   7765 |   7024 |    741 |    618 |   4991 |   7 | 1109.3 |
        Temple |    385 |    359 |     26 |      0 |    345 |   1 |  385.0 |
               +--------+--------+--------+--------+--------+-----+--------+

Top non-repeatable levels by time:
     D:2: 1596 daAuts
     D:6: 1410 daAuts
     D:5: 1327 daAuts
     D:1: 1191 daAuts
     D:3: 981 daAuts
     D:4: 731 daAuts
     D:7: 526 daAuts
  Temple: 385 daAuts
